 Dungeon Crawl Stone Soup version 0.24-a0-170-gd8427f5388 (webtiles) character file.

Game seed: 9384749962024462761

210 Morbidden the Chucker (level 5, -4/55 HPs)
             Began as an Ogre Hunter on Mar 9, 2019.
             Killed from afar by an orc wizard (7 damage)
             ... with a puff of flame
             ... on level 3 of the Dungeon.
             The game lasted 00:09:56 (4735 turns).

Morbidden the Chucker (Ogre Hunter)                 Turns: 4735, Time: 00:09:57

Health: -4/55      AC:  3    Str: 16    XL:     5   Next: 88%
Magic:  5/5        EV: 10    Int: 13    God:
Gold:   134        SH:  0    Dex:  9    Spells: 4/4 levels left

rFire    . . .     SeeInvis .   o - +0 club
rCold    . . .     Gourm    .   (no shield)
rNeg     . . .     Faith    .   b - +0 robe
rPois    .         Spirit   .   (helmet restricted)
rElec    .         Reflect  .   (no cloak)
rCorr    .         Harm     .   (gloves unavailable)
MR       +....                  (boots unavailable)
Stlth    +.........             i - amulet of magic regeneration
HPRegen  0.18/turn              s - ring of protection from magic
MPRegen  0.34/turn              (no ring)

@: no status effects
A: large, unfitting armour, tough skin 1
a: no special abilities


You were on level 3 of the Dungeon.
You were not hungry.

You visited 1 branch of the dungeon, and saw 3 of its levels.

You collected 134 gold pieces.

Inventory:

Hand Weapons
 o - a +0 club (weapon)
Missiles
 c - 2 large rocks
 m - 88 stones (quivered)
Armour
 b - a +0 robe (worn)
Jewellery
 i - an amulet of magic regeneration (around neck)
 l - an uncursed ring of fire
 n - a +2 ring of evasion {unknown}
 q - an uncursed ring of ice {unknown}
 s - a ring of protection from magic (left hand)
Scrolls
 e - a scroll of noise {unknown}
 g - a scroll of enchant weapon
 h - a scroll of amnesia {unknown}
 k - a scroll of teleportation
 p - a scroll of blinking
Comestibles
 f - a ration


   Skills:
 * Level 4.7 Fighting
 + Level 1.5 Maces & Flails
 * Level 5.3 Throwing
 + Level 2.6 Dodging
 - Level 0.6 Stealth


You had 4 spell levels left.
You didn't know any spells.
Your spell library contained the following spells:

 Spells                   Type           Power        Failure   Level  Hunger
 Magic Dart               Conj           #...         30%         1    ##.....
 Blink                    Tloc           N/A          43%         2    ###....
 Call Imp                 Summ           #.......     43%         2    ###....
 Slow                     Hex            #.......     43%         2    ###....
 Conjure Flame            Conj/Fire      #.......     67%         3    ####...
 Mephitic Cloud           Conj/Pois/Air  #.......     67%         3    ####...


Dungeon Overview and Level Annotations

Branches:
Dungeon (3/15)

Altars:


Innate Abilities, Weirdness & Mutations

You are too large for most types of armour.
You have tough skin. (AC +1)


Message History

* * * LOW HITPOINT WARNING * * *
Something hits you.
* * * LOW HITPOINT WARNING * * *
You barely miss something.
You hear some strange, mumbled words.
A magic dart appears from out of thin air!
The magic dart hits you!
* * * LOW HITPOINT WARNING * * *
You completely miss something.
You hear some strange, mumbled words.
Something tries to affect you, but you resist.
You aren't carrying any potions.
Unknown command.
You aren't carrying any potions.
Unknown command.
You closely miss something.
You hear some strange, mumbled words.
A puff of flame appears from out of thin air!
The puff of flame hits you!
You die...

.........#
#......(###.####
.......###
#.......#(#.## #
.......#
#######.......###..# #
.......#
#...).........(.o..# #
<......#
#.##.♣♣#........'..# #
.......# #.
#..♣#........##.###
..†....## #.
#♣.≈....(.%..# #..
........#
#.##≈≈..(.......# #.#
........##
#....@{########## #.#
≈≈≈≈P≈...####...........
....
≈P≈≈≈.........##.#######
#.#.. P≈P≈≈...####..##.#
#.#.. P≈PP≈...##....#..#
# #.. ≈P≈≈....##.#.##.##
##. ≈≈≈P....##.#....
≈≈≈≈≈...##.#####
≈≈≈≈≈≈).....#


There were no monsters in sight!

Vanquished Creatures
  An orc priest (D:3)
  An orc wizard (D:3)
  A gnoll (D:2)
  5 adders
  2 oozes
  3 worms (D:2)
  3 dart slugs (D:2)
  3 leopard geckos
  7 orcs
  4 giant cockroaches
  6 goblins
  6 hobgoblins
  4 quokkas
  2 ball pythons
  7 bats
  3 frilled lizards
  7 kobolds
  2 rats (D:1)
67 creatures vanquished.

Notes
Turn   | Place    | Note
-------+----------+-------------------------------------------
     0 | D:1      | Morbidden the Ogre Hunter began the quest for the Orb.
     0 | D:1      | Reached XP level 1. HP: 22/22 MP: 1/1
   268 | D:1      | Reached XP level 2. HP: 11/29 MP: 2/2
  1067 | D:1      | Reached XP level 3. HP: 33/37 MP: 3/3
  2106 | D:2      | Reached XP level 4. HP: 18/48 MP: 4/4
  3201 | D:2      | Reached skill level 5 in Throwing
  3472 | D:2      | Reached XP level 5. HP: 53/54 MP: 5/5
  3625 | D:3      | Reached skill level 1 in Maces & Flails
  4733 | D:3      | HP: 2/55 [something/magic dart (7)]
  4735 | D:3      | Killed from afar by an orc wizard

Levels and vault maps discovered:
D:1:      minmay_arrival_widening_spiral_wide, layout_basic
D:2:      layout_basic, minmay_tromino_mix6
D:3:      kennysheep_six_static_rooms, layout_basic, gammafunk_ghost_smash,
          serial_bayou, serial_bayou_pond_e, serial_bayou_crossing,
          serial_bayou_shore_a, serial_bayou_lake_a, serial_bayou_shore_b,
          first_ration, item_on_display_a

Skill      XL: |  1  2  3  4  5 |
---------------+----------------+-----
Fighting       | 3 4 |  4.7
Dodging        | 2 |  2.6
Throwing       | 5 |  5.3
Maces & Flails | 1 |  1.5
Stealth        | |  0.6

Action                   |  1- 3 |  4- 6 || total
-------------------------+-------+-------++-------
Melee: Short sword       |   121 |       ||   121
       Club              |    46 |   182 ||   228
Throw: Large rock        |    13 |     4 ||    17
       Stone             |    28 |    69 ||    97
       Throwing net      |       |     2 ||     2
  Use: Potion            |     3 |     3 ||     6
       Scroll            |       |     4 ||     4
 Stab: Sleeping          |     1 |       ||     1
       Held in net/web   |       |     1 ||     1
  Eat: Chunk             |     4 |     6 ||    10
       Ration            |       |     1 ||     1
Armor: Robe              |    60 |    63 ||   123
Dodge: Dodged            |   125 |   137 ||   262

Table legend:
 A = Non-vault XP
 B = Vault XP
 C = Vault XP percentage of total XP
 D = Non-vault monster count
 E = Vault monster count
 F = Vault count percentage of total count
                 A         B        C        D         E       F
            +---------+---------+-------+---------+---------+-------
      Total |     272 |      29 |   9.6 |      64 |       3 |   4.5
            +---------+---------+-------+---------+---------+-------
        D:1 |      36 |       0 |   0.0 |      19 |       0 |   0.0
        D:2 |     117 |      29 |  19.9 |      31 |       3 |   8.8
        D:3 |     119 |       0 |   0.0 |      14 |       0 |   0.0
            +---------+---------+-------+---------+---------+-------
